 Dungeon Crawl Stone Soup version 0.29.1-15-g9cfb28693d (webtiles) character file.

Game seed: 12771682908713418710

35523 whoami1i1i1i the Cleaver (level 13, -15/125 HPs)
             Began as a Minotaur Berserker on Apr 30, 2023.
             Was a Believer of Trog.
             Killed from afar by Jorgrun (32 damage)
             ... with an iron shot
             ... on level 15 of the Dungeon.
             The game lasted 00:44:26 (34604 turns).

whoami1i1i1i the Cleaver (Minotaur Berserker)      Turns: 34604, Time: 00:44:27

Health: -15/125    AC: 20    Str: 30    XL:     13   Next: 48%
Magic:  12/12      EV: 12    Int:  8    God:    Trog [**....]
Gold:   751        SH:  5    Dex: 11    Spells: 12/12 levels left

rFire   . . .      SeeInvis .   G - +5 executioner's axe (flame)
rCold   . . .      Faith    .   (shield currently unavailable)
rNeg    . . .      Spirit   .   K - +0 plate armour
rPois   .          Reflect  +   (helmet restricted)
rElec   .          Harm     .   b - +0 cloak {Will+}
rCorr   .          Rampage  .   y - +0 pair of gloves
Will    ++...                   f - -1 pair of boots "Pajezo" {Str+6}
Stlth   ..........              q - amulet of reflection
HPRegen 0.00/turn               O - ring of willpower
MPRegen 0.13/turn               E - +4 ring of evasion

@: grasped by roots, inhibited regen, constricted
A: horns 2, retaliatory headbutt, clever 1, mutation resistance 1, inhibited
regeneration
a: Renounce Religion, Berserk, Trog's Hand


You were on level 15 of the Dungeon.
You worshipped Trog.
Trog was pleased with you.
You visited 1 branch of the dungeon, and saw 15 of its levels.

You collected 991 gold pieces.
You spent 240 gold pieces at shops.

Inventory:

Hand Weapons
 B - a +4 hand axe of freezing
 G - a +5 executioner's axe of flaming (weapon)
Missiles
 J - a throwing net (quivered)
Armour
 b - a +0 cloak of willpower (worn)
 f - the -1 pair of boots "Pajezo" (worn) {Str+6}
   (You acquired it on level 6 of the Dungeon)

   Str:       It affects your strength (+6).
 y - a +0 pair of gloves (worn)
 K - a +0 plate armour (worn)
Jewellery
 p - a ring of ice
 q - an amulet of reflection (around neck)
 v - a ring of protection from cold
 E - a +4 ring of evasion (right hand)
 O - a ring of willpower (left hand)
Wands
 j - a wand of flame (15)
 x - a wand of polymorph (8)
 D - a wand of light (6)
Scrolls
 a - a scroll of silence {unknown}
 e - 2 scrolls of poison
 g - 12 scrolls of identify
 h - a scroll of magic mapping {unknown}
 i - 3 scrolls of fear
 l - a scroll of summoning {unknown}
 m - a scroll of immolation {unknown}
 n - 6 scrolls of teleportation
 o - 3 scrolls of amnesia
 t - a scroll of butterflies
Potions
 c - a potion of might
 d - 3 potions of attraction
 k - 4 potions of degeneration
 r - 8 potions of curing
 s - 2 potions of haste
 u - 4 potions of lignification
 w - 2 potions of resistance
 z - 3 potions of cancellation
 A - 2 potions of flight
 P - a potion of ambrosia


   Skills:
 * Level 14.4 Fighting
 * Level 14.5 Axes
 * Level 14.2 Armour
 + Level 9.4 Dodging
 + Level 7.5 Stealth


You had 12 spell levels left.
You didn't know any spells.
Your spell library contained the following spells:

 Spells                   Type           Power      Damage    Failure   Level
 Freeze                   Ice            0%         1d3       94%         1
 Dazzling Flash           Conj/Hex       0%         N/A       100%        3
 Frozen Ramparts          Ice            0%         1d1       100%        3
 Gell's Gravitas          Tloc           0%         N/A       100%        3
 Lesser Beckoning         Tloc           0%         N/A       100%        3
 Teleport Other           Tloc           0%         N/A       100%        3
 Animate Dead             Necr           0%         N/A       100%        4
 Hailstorm                Conj/Ice       0%         3d3       100%        4
 Agony                    Necr           0%         N/A       100%        5
 Borgnjor's Vile Clutch   Necr/Erth      0%         N/A       100%        5
 Silence                  Hex/Air        0%         N/A       100%        5
 Death Channel            Necr           0%         N/A       100%        6


Dungeon Overview and Level Annotations

Branches:
Dungeon (15/15)            Temple (0/1) D:7            Lair (0/5) D:10
    Orc (0/2) D:12         Vaults (0/5) D:13
 Depths: D:15

Altars:
Ashenzari
Cheibriados
Fedhas
Gozag
Hepliaklqana
Kikubaaqudgha
Makhleb
Nemelex Xobeh
Okawaru
Ru
Sif Muna
Trog
Zin

Annotations:
D:15 Jorgrun


Innate Abilities, Weirdness & Mutations

You have a pair of horns on your head.
You reflexively headbutt those who attack you in melee.
Your mind is acute. (Int +4, Str/Dex -1)
You are somewhat resistant to further mutation.
You do not regenerate when monsters are visible.


Message History

You are too injured to fight recklessly!
Unknown command.
There are monsters nearby!
You are too injured to fight recklessly!
Unknown command.
There are monsters nearby!
You are too injured to fight recklessly!
Unknown command.
There are monsters nearby!
You are too injured to fight recklessly!
Unknown command.
There are monsters nearby!
You are too injured to fight recklessly!
Unknown command.
There are monsters nearby!
You slice Jorgrun!! You burn Jorgrun.
Jorgrun is moderately wounded.
You slash the tengu warrior! You burn the tengu warrior!
You hear a shout!
You block the tengu warrior's attack.
The tengu warrior closely misses you. x2
Jorgrun hits you with a +0 vorpal quarterstaff!
* * * LOW HITPOINT WARNING * * *
The grasping roots constrict you.
The cyclops throws a large rock.
The large rock hits you!
* * * LOW HITPOINT WARNING * * *
You closely miss Jorgrun. Your headbutt misses Jorgrun.
Jorgrun is moderately wounded.
You miss the tengu warrior. You block the tengu warrior's attack.
The tengu warrior pecks you but does no damage.
The tengu warrior claws you but does no damage.
Jorgrun hits you but does no damage. The grasping roots constrict you.
* * * LOW HITPOINT WARNING * * *
You slice Jorgrun!! You burn Jorgrun!
Jorgrun is severely wounded.
You slice the tengu warrior!! You burn the tengu warrior.
You kill the tengu warrior!
Trog accepts your kill. Jorgrun casts a spell at you. The iron shot hits you!!
You die...

## .. .. .### ..#. ..
...#.#. ... #.#...#
....##.....#
....#......# ...
........g..##....
#.C....)@)........
##.................
.......$............
............(........
......................
#.....................
##....................
#....................
##.......[...........


You could see Jorgrun and a cyclops.

Vanquished Creatures
  Josephine (D:13)
  2 hydras (D:14)
  A boulder beetle (D:12)
  7 vault guards
  4 centaur warriors
  3 two-headed ogres
  A catoblepas (D:14)
  An anaconda (shapeshifter) (D:14)
  A tengu warrior (D:15)
  Pikel (D:6)
  A wizard (D:15)
  7 ugly things
  A manticore (D:14)
  5 cyclopes
  A guardian serpent (shapeshifter) (D:14)
  A freezing wraith (D:15)
  An efreet (D:14)
  3 unseen horrors
  A komodo dragon (D:10)
  7 trolls
  10 slime creatures
  Sigmund (D:2)
  A ynoxinul (D:9)
  A shadow (D:11)
  7 wraiths
  2 wyverns
  17 yaks
  A spriggan (shapeshifter) (D:15)
  A wyvern (shapeshifter) (D:15)
  A vampire (D:11)
  12 vampire mosquitoes
  A basilisk (D:14)
  A steam dragon (D:8)
  Menkaure (D:4)
  3 acid dragons
  Duvessa (D:5)
  7 orc warriors
  2 ice beasts
  A sky beast (D:8)
  A black bear (D:5)
  8 centaurs
  3 kobold brigands
  2 bullfrogs
  5 necrophages
  A gnoll sergeant (D:9)
  4 scorpions
  A water moccasin zombie (D:7)
  Dowan (D:5)
  12 wights
  6 howler monkeys
  2 electric eels (D:8)
  A bullfrog zombie (D:7)
  7 hounds
  A human zombie (D:7)
  A jelly (D:6)
  13 orc priests
  Crazy Yiuf (D:2)
  A gnoll bouda (D:8)
  Terence (D:2)
  Natasha (thrice) (D:2)
  4 iguanas
  14 orc wizards
  2 killer bee zombies (D:7)
  Robin (D:3)
  8 gnolls
  5 adders
  A shadow imp (D:8)
  A white imp (D:8)
  A worm (D:2)
  4 dart slugs
  36 orcs
  8 bats
  11 endoplasms
  6 giant cockroaches
  14 goblins
  6 hobgoblins
  3 jackals (D:3)
  5 quokkas
  7 ball pythons
  3 frilled lizards (D:1)
  11 kobolds
  7 rats
354 creatures vanquished.

Vanquished Creatures (others)
  An orc wizard (D:7)
  3 orcs (D:8)
  10 plants
14 creatures vanquished.

Grand Total: 368 creatures vanquished

Notes
Turn   | Place    | Note
-------+----------+-------------------------------------------
     0 | D:1      | whoami1i1i1i the Minotaur Berserker began the quest for the
                  | Orb.
     0 | D:1      | Reached XP level 1. HP: 19/19 MP: 0/0
   129 | D:1      | Reached XP level 2. HP: 21/27 MP: 1/1
   642 | D:1      | Reached ** piety under Trog
   849 | D:1      | Reached XP level 3. HP: 32/33 MP: 2/2
  1196 | D:2      | Noticed Natasha
  1201 | D:2      | Killed Natasha
  1311 | D:2      | Noticed Natasha
  1316 | D:2      | Killed Natasha
  1317 | D:2      | Reached skill level 1 in Stealth
  1317 | D:2      | Reached XP level 4. HP: 31/41 MP: 3/3
  1367 | D:2      | Noticed Natasha
  1374 | D:2      | Killed Natasha
  1650 | D:2      | Noticed Sigmund
  1657 | D:2      | Noticed Terence
  1667 | D:2      | Killed Sigmund
  1668 | D:2      | Reached skill level 5 in Fighting
  1668 | D:2      | Reached skill level 5 in Axes
  1668 | D:2      | Reached XP level 5. HP: 39/48 MP: 4/4
  1668 | D:2      | Reached XP level 6. HP: 45/56 MP: 5/5
  1669 | D:2      | Killed Terence
  2134 | D:2      | Found a runed translucent door.
  2135 | D:2      | Noticed Crazy Yiuf
  2280 | D:2      | Killed Crazy Yiuf
  2499 | D:3      | Noticed Robin
  2514 | D:3      | Killed Robin
  3277 | D:3      | Found an opulent altar of Gozag.
  3285 | D:3      | Found a faded altar of an unknown god.
  3498 | D:4      | Reached *** piety under Trog
  3907 | D:4      | Reached skill level 5 in Armour
  3907 | D:4      | Reached XP level 7. HP: 61/62 MP: 6/6
  3992 | D:4      | Found a broken altar of Ashenzari.
  4001 | D:4      | Identified the +0 robe "Buoc" {rF- Regen+ rCorr SInv}
  4018 | D:4      | Noticed Menkaure
  4022 | D:4      | Killed Menkaure
  4524 | D:4      | Found a snail-covered altar of Cheibriados.
  4556 | D:5      | Entered Level 5 of the Dungeon
  4702 | D:5      | Noticed Dowan
  4702 | D:5      | Noticed Duvessa
  4712 | D:5      | Killed Dowan
  4713 | D:5      | Killed Duvessa
  4714 | D:5      | Reached XP level 8. HP: 71/71 MP: 7/7
  5238 | D:5      | Noticed an angel
  5240 | D:5      | Found a glowing silver altar of Zin.
  5724 | D:6      | Noticed Pikel
  5726 | D:6      | Noticed a troll
  5731 | D:6      | Killed Pikel
  5732 | D:6      | Reached skill level 5 in Dodging
  5732 | D:6      | Reached XP level 9. HP: 81/81 MP: 8/8
  5735 | D:6      | Killed a troll
  6182 | D:6      | Found a blossoming altar of Fedhas.
  6593 | D:6      | Identified 2 scrolls of acquirement
  6593 | D:6      | Acquired a +5 executioner's axe of flaming
  6601 | D:6      | Acquired the -1 pair of boots "Pajezo" {Str+6}
 17684 | D:6      | Gained mutation: You do not regenerate when monsters are
                  | visible. [potion of mutation]
 17684 | D:6      | Gained mutation: You are somewhat resistant to further
                  | mutation. [potion of mutation]
 17684 | D:6      | Gained mutation: Your mind is acute. (Int +4, Str/Dex -1)
                  | [potion of mutation]
 18260 | D:7      | Found a staircase to the Ecumenical Temple.
 18460 | D:7      | Found an iron altar of Okawaru.
 18513 | D:7      | Found a sparkling altar of Nemelex Xobeh.
 18673 | D:7      | Reached XP level 10. HP: 85/91 MP: 9/9
 18726 | D:7      | Found an ancient bone altar of Kikubaaqudgha.
 19634 | D:8      | Found Cheibriados's Comfort Zone.
 19636 | D:8      | Found a snail-covered altar of Cheibriados.
 19642 | D:8      | Bought a +4 plate armour of ponderousness for 240 gold
                  | pieces
 21081 | D:8      | Found a burning altar of Makhleb.
 21161 | D:8      | Noticed a two-headed ogre
 21168 | D:8      | Killed a two-headed ogre
 21169 | D:8      | Reached skill level 10 in Fighting
 21169 | D:8      | Reached skill level 10 in Axes
 21837 | D:9      | Found a bloodstained altar of Trog.
 21843 | D:9      | Reached skill level 10 in Armour
 21903 | D:9      | Found a shimmering blue altar of Sif Muna.
 21936 | D:9      | Found a hazy altar of Hepliaklqana.
 21940 | D:9      | Reached skill level 5 in Stealth
 21944 | D:9      | Found a sacrificial altar of Ru.
 22101 | D:9      | Reached XP level 11. HP: 99/101 MP: 10/10
 23938 | D:10     | Entered Level 10 of the Dungeon
 24034 | D:10     | Found a staircase to the Lair.
 24141 | D:10     | Noticed a two-headed ogre
 24147 | D:10     | Killed a two-headed ogre
 27180 | D:12     | Noticed a two-headed ogre
 27185 | D:12     | Killed a two-headed ogre
 27515 | D:12     | Noticed a white ugly thing
 27522 | D:12     | Noticed a boulder beetle
 27524 | D:12     | Killed a white ugly thing
 27533 | D:12     | Killed a boulder beetle
 27534 | D:12     | Reached XP level 12. HP: 100/113 MP: 11/11
 27740 | D:12     | Found a staircase to the Orcish Mines.
 28084 | D:13     | Noticed a vault guard
 28084 | D:13     | Noticed a vault guard
 28084 | D:13     | Noticed a vault guard
 28085 | D:13     | Found a gate to the Vaults.
 28085 | D:13     | Noticed a vault guard
 28085 | D:13     | Noticed a vault guard
 28085 | D:13     | Noticed a vault guard
 28086 | D:13     | Noticed a vault guard
 28086 | D:13     | Noticed a vault guard
 28092 | D:13     | Killed a vault guard
 28097 | D:13     | Killed a vault guard
 28098 | D:13     | Killed a vault guard
 28103 | D:13     | HP: 1/113 [vault guard/+0 great mace (11)]
 28701 | D:12     | Killed a vault guard
 29122 | D:12     | Killed a vault guard
 29430 | D:12     | Killed a vault guard
 29747 | D:13     | Killed a vault guard
 30154 | D:13     | Noticed a centaur warrior
 30162 | D:13     | Killed a centaur warrior
 30384 | D:13     | Noticed Josephine
 30392 | D:13     | Killed Josephine
 31115 | D:13     | Noticed a centaur warrior
 31119 | D:13     | Killed a centaur warrior
 32233 | D:14     | Reached XP level 13. HP: 84/123 MP: 12/12
 34504 | D:15     | Entered Level 15 of the Dungeon
 34595 | D:15     | Noticed Jorgrun
 34604 | D:15     | Killed from afar by Jorgrun

Illustrated notes

Levels and vault maps discovered:
D:1:      amcnicky_arrival_choice, layout_basic, st_stairs_4
D:2:      layout_loops_cross, uniq_terence, uniq_natasha, uniq_sigmund,
          uniq_crazy_yiuf_cottage
D:3:      layout_basic, lemuel_doored_altar, ebering_ecumenical_altar_box,
          dreamdust_princess_corridor, dreamdust_wishing_well,
          bh_walls_and_bars, uniq_robin
D:4:      layout_loops_ring, evilmike_ruin_ashenzari, cheibriados_altar_1,
          uniq_menkaure
D:5:      layout_rooms, zin_angel, uniq_duvessa
D:6:      layout_cave_pods, fedhas_bush_and_centaur_altar,
          minmay_chambers_of_fives, uniq_pikel
D:7:      layout_rooms, nemelex_xobeh_ov_fountains_minmay,
          lemuel_mausoleum_altar_kikubaaqudgha, mainiacjoe_overflow_alcove_4,
          minmay_temple_entry_sparse_star
D:8:      layout_loops_ring, makhleb_blood_cavern_becter,
          kennysheep_decorative_pillar, minmay_shop_chei, serial_bayou_pond_b
D:9:      layout_loops_cross, jmf_multi_god_temple,
          nzn_overflow_gifts_of_might_and_magic
D:10:     layout_roguey, david_lair_shrubbed
D:11:     layout_irregular_city, gauntlet_entry_generic
D:12:     layout_long_grid, david_orc_4
D:13:     layout_roguey, erik_vaults_2, uniq_josephine
D:14:     layout_cave_pods, grunt_decor_mini_mirrors
D:15:     hangedman_depths_entry_civil_slaughter, layout_cave_pools,
          uniq_jorgrun

Skill      XL: |  1  2  3  4  5  6  7  8  9 10 11 12 13 |
---------------+----------------------------------------+-----
Axes           | 4 5 6 8 9 10 12 13 14 | 14.5
Fighting       | 4 5 6 8 9 10 12 13 14 | 14.4
Armour         | 3 4 5 6 7 9 10 12 13 14 | 14.2
Stealth        | 1 2 3 4 5 6 7 |  7.5
Dodging        | 3 4 5 6 7 8 9 |  9.4

Action                   |  1- 3 |  4- 6 |  7- 9 | 10-12 | 13-15 || total
-------------------------+-------+-------+-------+-------+-------++-------
Melee: Hand axe          |    62 |   122 |   150 |       |       ||   334
       Headbutt          |     3 |    16 |    34 |    67 |    20 ||   140
       Punch             |       |     1 |     4 |       |       ||     5
       Executioner's axe |       |       |    45 |   365 |    77 ||   487
Invok: Trog's Hand       |       |     3 |     6 |    16 |     1 ||    26
       Berserk           |       |     3 |     4 |    12 |     2 ||    21
  Use: Potion            |       |       |    12 |     8 |     5 ||    25
       Scroll            |       |       |     9 |     3 |       ||    12
 Stab: Sleeping          |     2 |       |       |       |       ||     2
Armor: Animal skin       |     6 |       |       |       |       ||     6
       Chain mail        |     3 |    54 |    96 |    79 |       ||   232
       Plate armour      |       |       |       |   174 |    55 ||   229
Dodge: Dodged            |    34 |    61 |   133 |   171 |    60 ||   459
Block: Other             |       |       |       |    81 |    23 ||   104
       Reflection        |       |       |       |     6 |       ||     6
